AoeStats
← ITA | Raffy

Arena

504091145Analyzed
4v4 RM · 29d ago on Sep 3, 2026· 46m 26s· 8 players
Game mode
Random Map
Map size
Large (8 player)
Population
200
Speed
Normal
Resources
Standard
Victory
Conquest
Starting age
Dark Age
Ending age
Imperial Age
RankedLock teamsTeams togetherTeam positionsShared explorationLock speedFull tech treeHidden civsTurbo modeCheats
Victory
Defeat
🇹🇷 Khmer · Türkiye
1440
+13
🇹🇷 Slavs · Türkiye
1429
+14
🇹🇷 Italians · Türkiye
1355
+17
🇪🇸 Spanish · Spain
1313
+19
1480
-20
🇮🇹 Slavs · Italy
1411
-17
🇫🇷 Koreans · France
1365
-15
🇮🇹 Sicilians · Italy
1263
-11
Luis Enrique
10:55 Feudal Age
13:31 Loom
16:12 Castle Age
14:31 Gold Mining
15:18 Double-Bit Axe
17:20 Fletching
22:35 Ballistics
29:36 Bodkin Arrow
32:10 Bow Saw
ITA | CivettaAviotrasportata
10:50 Feudal Age
14:57 Castle Age
13:26 Double-Bit Axe
13:33 Stone Mining
13:34 Gold Mining
14:11 Horse Collar
16:23 Bow Saw
23:18 Loom
32:44 Imperial Age
31:11 Town Watch
33:04 Masonry
34:28 Chemistry
35:50 Conscription
36:20 Fortified Wall
40:23 Elite Conquistador
41:38 Hoardings
41:12 Scale Barding Armor
45:19 Supremacy
Spada_Arancio
11:27 Feudal Age
13:09 Double-Bit Axe
15:48 Castle Age
13:45 Horse Collar
16:57 Bow Saw
19:03 Wheelbarrow
19:08 Heavy Plow
27:46 Imperial Age
25:46 Scale Mail Armor
25:56 Forging
26:07 Hand Cart
25:38 Town Watch
27:06 Squires
26:27 Pikeman
28:01 Chain Mail Armor
28:22 Iron Casting
28:02 Onager
30:19 Plate Mail Armor
30:31 Halberdier
32:58 Blast Furnace
32:01 Arson
32:17 Siege Onager
33:42 Siege Engineers
36:40 Conscription
37:37 Chemistry
44:20 Murder Holes
44:46 Ballistics
ITA | Raffy
10:25 Feudal Age
10:44 Feudal Age
14:42 Castle Age
12:54 Double-Bit Axe
13:26 Horse Collar
15:45 Bow Saw
21:50 Wheelbarrow
23:57 Gold Mining
28:25 Imperial Age
25:54 Loom
26:45 Fortified Wall
27:25 Hand Cart
27:44 Heavy Plow
27:50 Stone Mining
28:37 Gold Shaft Mining
28:29 Pikeman
29:10 Squires
29:27 Scale Mail Armor
29:38 Forging
29:52 Conscription
30:05 Siege Engineers
29:54 Onager
32:03 Two-Man Saw
30:34 Capped Ram
31:56 Chain Mail Armor
32:20 Iron Casting
32:32 Siege Onager
33:23 Halberdier
35:02 Plate Mail Armor
36:52 Druzhina
36:34 Man-at-Arms
38:17 Blast Furnace
37:05 Long Swordsman
37:51 Two-Handed Swordsman
39:02 Champion
39:50 Siege Ram
livulove
9:55 Feudal Age
12:47 Castle Age
10:54 Double-Bit Axe
11:14 Horse Collar
14:36 Bow Saw
20:05 Wheelbarrow
22:33 Hand Cart
22:05 Town Watch
22:36 Heavy Plow
27:35 Imperial Age
24:51 Loom
26:33 Gold Mining
26:34 Stone Mining
27:33 Ballistics
27:24 Husbandry
27:34 Bloodlines
29:12 Stone Shaft Mining
29:13 Gold Shaft Mining
29:00 Conscription
28:47 Siege Engineers
29:43 Chemistry
30:06 Double Crossbow
30:43 Town Patrol
32:04 Fletching
32:23 Scale Barding Armor
32:14 Elite Ballista Elephant
34:42 Masonry
35:09 Hoardings
35:06 Scale Barding Armor
35:57 Architecture
36:53 Chain Barding Armor
36:44 Forging
37:07 Coinage
38:21 Banking
39:31 Plate Barding Armor
38:57 Scale Mail Armor
39:33 Iron Casting
38:21 Elite Battle Elephant
39:02 Tusk Swords
40:06 Sappers
40:35 Bodkin Arrow
42:27 Blast Furnace
41:23 Bodkin Arrow
45:02 Bracer
44:23 Light Cavalry
MTC
10:04 Feudal Age
13:48 Castle Age
12:59 Double-Bit Axe
14:55 Loom
22:38 Padded Archer Armor
31:56 Horse Collar
38:30 Imperial Age
37:11 Wheelbarrow
37:33 Leather Archer Armor
37:47 Gold Mining
37:48 Stone Mining
38:01 Heavy Plow
38:14 Bow Saw
39:20 Bloodlines
39:11 Husbandry
39:48 Hand Cart
40:52 Chemistry
40:44 Ring Archer Armor
Ramci
10:26 Feudal Age
13:58 Castle Age
11:57 Double-Bit Axe
12:06 Horse Collar
14:52 Bow Saw
25:09 Wheelbarrow
24:21 Loom
25:11 Heavy Plow
25:29 Stone Mining
27:18 Fletching
30:26 Imperial Age
28:00 Bodkin Arrow
30:31 Padded Archer Armor
30:46 Thumb Ring
30:31 Elite Genoese Crossbowman
31:13 Bracer
31:48 Hand Cart
31:56 Conscription
31:54 Leather Archer Armor
32:40 Town Watch
33:27 Ring Archer Armor
32:39 Pikeman
33:19 Squires
33:32 Forging
33:22 Scale Mail Armor
34:22 Crop Rotation
34:19 Silk Road
34:06 Scale Barding Armor
34:28 Ballistics
35:09 Chemistry
34:08 Arson
35:15 Treadmill Crane
38:10 Chain Barding Armor
38:26 Iron Casting
38:54 Bloodlines
38:44 Husbandry
38:05 Light Cavalry
39:03 Chain Mail Armor
40:54 Conscription
41:52 Two-Man Saw
41:37 Plate Barding Armor
41:33 Plate Mail Armor
42:04 Blast Furnace
43:57 Pirotechnia
45:46 Hussar
46:26 Murder Holes
46:42 Masonry
46:20 Capped Ram
DaTuRa
9:46 Feudal Age
13:41 Castle Age
12:19 Double-Bit Axe
12:20 Horse Collar
16:31 Bow Saw
16:22 Heavy Plow
22:18 Wheelbarrow
21:29 Loom
26:24 Imperial Age
24:49 Gold Mining
24:54 Fletching
26:07 Bodkin Arrow
26:54 Scale Mail Armor
30:41 Chain Mail Armor
31:01 Druzhina
33:38 Two-Man Saw
33:09 Crop Rotation
33:15 Gold Shaft Mining
33:27 Forging
33:29 Squires
34:56 Chemistry
34:17 Ballistics
36:00 Iron Casting
35:34 Stone Mining
37:29 Plate Mail Armor
38:00 Blast Furnace
39:28 Conscription
39:46 Capped Ram
40:46 Siege Ram
45:22 Padded Archer Armor
Connection lost

Rejoining the realm…

Still unreachable

The connection could not be restored.

Session expired

The server has moved on; the page needs a fresh start.